 Dungeon Crawl Stone Soup version 0.31.0-2-g5a2aebc5c2 (webtiles) character file.

Game seed: 18341086017947603149

333 Drazool the Caller (level 6, -1/36 HPs)
             Began as an Octopode Summoner on Jan 20, 2024.
             Slain by a gnoll
             ... wielding a +0 spear
              (6 damage)
             ... on level 4 of the Dungeon.
             The game lasted 00:11:52 (2629 turns).

Drazool the Caller (Octopode Summoner)              Turns: 2629, Time: 00:11:53

Health: -1/36      AC:  1    Str:  7    XL:     6   Next: 53%
Magic:  9/12       EV: 13    Int: 20    God:
Gold:   41         SH:  0    Dex: 12    Spells: 7/13 levels left

rFire   . . .        (no weapon)
rCold   . . .        (no shield)
rNeg    + . .        (helmet restricted)
rPois   .            (no amulet)
rElec   .            d - ring of positive energy
rCorr   .            (no ring)
SInv    .            (no ring)
Will    .....        (no ring)
Stlth   +++          (no ring)
HPRegen 0.26/turn    (no ring)
MPRegen 0.13/turn    (no ring)
                     (no ring)

%: no passive effects
@: inugami summoned
A: almost no armour, amphibious, 8 rings, camouflage 1, gelatinous body 1,
(nimble swimmer 1), tentacles
a: no special abilities


You were on level 4 of the Dungeon.
You visited 1 branch of the dungeon, and saw 4 of its levels.

You collected 81 gold pieces.
You spent 40 gold pieces at shops.

Inventory:

Jewellery
 d - a ring of positive energy (left tentacle)
 f - a ring of fire
Scrolls
 b - a scroll of enchant weapon
 c - a scroll of butterflies {unknown}
 e - a scroll of fear
 j - a scroll of teleportation
 k - a scroll of immolation
Potions
 g - 2 potions of lignification {unknown}
 h - a potion of haste {unknown}
 i - a potion of attraction {unknown}
 l - 2 potions of invisibility {unknown}


   Skills:
 - Level 0.1 Fighting
 - Level 2.3 Dodging
 - Level 3.8 Stealth
 - Level 0.7 Unarmed Combat
 - Level 4.0 Spellcasting
 + Level 5.9 Summonings


You had 7 spell levels left.
You knew the following spells:

 Your Spells              Type           Power      Damage    Failure   Level
a - Summon Small Mammal   Summ           100%       N/A       1%          1
b - Call Imp              Summ           54%        N/A       1%          2
c - Call Canine Familiar  Summ           27%        N/A       3%          3

Your spell library contained the following spells:

 Spells                   Type           Power      Damage    Failure   Level
 Sigil of Binding         Hex            4%         N/A       36%         3
 Summon Blazeheart Golem  Fire/Summ      15%        N/A       36%         4
 Summon Lightning Spire   Summ/Air       15%        N/A       36%         4
 Dimensional Bullseye     Hex/Tloc       2%         N/A       77%         4


Dungeon Overview and Level Annotations

Branches:
Dungeon (4/15)
 Temple: D:4-7

Altars:
Xom

Shops:
D:3 *

Portals:
Abyss: D:3

Annotations:
D:3 2 transporters, SuperJoe's ghost, amateur HORe


Innate Abilities, Weirdness & Mutations

You cannot wear most types of armour.
You are amphibious.
You can wear up to eight rings at the same time.
Your skin changes colour to match your surroundings (Stealth+).
Your rubbery body absorbs attacks. (AC +1, EV +1)
((You are camouflaged when in or above water. (Stealth+)))
You have tentacles for arms and can constrict up to eight enemies at once.


Message History

You hear the hiss of a distant avalanche of sand.
A gnoll comes into view. It is wielding a +0 flail.
The gnoll shouts!
You hear a shout! x2
A gnoll comes into view. It is wielding a +0 spear.
Unknown command.
Casting: Call Imp (safe; 1% risk of failure)
Confirm with . or Enter, or press ? or * to list all spells.
You call for your canine familiar and it appears with a howl!
A gnoll comes into view. It is wielding a +0 flail.
The gnoll barely misses you. The gnoll hits you with a +0 flail.
Unknown command.
You tentacle-slap the gnoll. You grab the gnoll.
You squeeze the gnoll, but do no damage.
The gnoll is lightly wounded.
You constrict the gnoll.
A gnoll comes into view.
It is wielding a +0 flail and quivering 2 throwing nets.
The gnoll misses you. The gnoll hits you with a +0 flail!
Your inugami hits the gnoll.
You tentacle-slap the gnoll but do no damage.
The gnoll is moderately wounded.
You constrict the gnoll. The gnoll completely misses you.
The gnoll hits you with a +0 flail!
Your inugami hits the gnoll.
Unknown command.
You tentacle-slap the gnoll but do no damage.
The gnoll is heavily wounded.
You constrict the gnoll, but do no damage.
The gnoll barely misses you. x2; Your inugami hits the gnoll.
Unknown command.
You tentacle-slap the gnoll but do no damage.
You squeeze the gnoll.
You kill the gnoll!
The gnoll hits you from afar with a +0 spear!
* * * LOW HITPOINT WARNING * * *
Your inugami barely misses the gnoll.
Unknown command.
Your inugami barely misses the gnoll.
Casting: Call Canine Familiar (dangerous; 3% risk of failure)
Confirm with . or Enter, or press ? or * to list all spells.
The gnoll hits you from afar with a +0 spear.
You die...

##.......#......####
.[..................
##.......#......##.#
#...#####......# < #
####.....#......# .#
.........#......#
##.#
###).....#......#
.g.
#......#).....###.#
#......#####..@.gh#
.....#### ##..r##.#
....#.. #..### .#
....##.# #...# .#
..... .. #.#.# ..
##.. ... .....# ##
### ###..##### #..
...


You could see a gnoll (ally target), a friendly quokka (summoned) and a friendly
inugami (summoned).

Vanquished Creatures
  A kobold brigand (D:4)
  An iguana (D:4)
  A gnoll (D:4)
  A ball python (D:2)
  An endoplasm (D:3)
  2 goblins (D:1)
  3 hobgoblins
  A jackal (D:1)
  2 kobolds
13 creatures vanquished.

Vanquished Creatures (collateral kills)
  Duvessa (D:4)
  Dowan (D:4)
  Terence (D:2)
  An adder (D:3)
  A dart slug (D:1)
  6 ball pythons
  3 endoplasms
  3 giant cockroaches
  A hobgoblin (D:1)
  2 jackals (D:1)
  A quokka (D:3)
  A bat (D:3)
  4 frilled lizards (D:1)
  3 goblins
  3 kobolds
  4 rats
36 creatures vanquished.

Grand Total: 49 creatures vanquished

Notes
Turn   | Place    | Note
-------+----------+-------------------------------------------
     0 | D:1      | Drazool the Octopode Summoner began the quest for the Orb.
     0 | D:1      | Reached XP level 1. HP: 11/11 MP: 3/3
   292 | D:1      | Reached XP level 2. HP: 15/17 MP: 1/5
   651 | D:1      | Reached XP level 3. HP: 18/21 MP: 3/6
   654 | D:1      | Learned a level 2 spell: Call Imp
   658 | D:1      | Learned a level 3 spell: Call Canine Familiar
  1337 | D:2      | Noticed Terence
  1370 | D:2      | Killed Terence
  1562 | D:2      | Reached XP level 4. HP: 27/27 MP: 5/8
  1597 | D:2      | Found a shimmering altar of Xom.
  2112 | D:3      | Found Ibbuoniv's General Store.
  2129 | D:3      | Bought a scroll of immolation for 40 gold pieces
  2139 | D:3      | Found a transporter.
  2273 | D:3      | Found a transporter.
  2282 | D:3      | Found a one-way gate to the infinite horrors of the Abyss.
  2282 | D:3      | Noticed SuperJoe's ghost (amateur HORe)
  2300 | D:3      | You fall into a shaft and drop 1 floor!
  2333 | D:4      | Noticed Dowan
  2406 | D:4      | Noticed Duvessa
  2424 | D:4      | Noticed a kobold brigand
  2426 | D:4      | Killed Duvessa
  2427 | D:4      | Reached skill level 5 in Summonings
  2427 | D:4      | Reached XP level 5. HP: 31/31 MP: 0/10
  2517 | D:4      | Killed a kobold brigand
  2518 | D:4      | Reached XP level 6. HP: 27/36 MP: 7/11
  2555 | D:4      | Killed Dowan
  2629 | D:4      | Slain by a gnoll

Illustrated notes

Levels and vault maps discovered:
D:1:      sevenhm_arrival_forest_fort_large_2, layout_basic
D:2:      layout_loops_ring, basic_altar, minmay_tetromino_t4, uniq_terence
D:3:      layout_loops_ring, serial_shops, nicolae_shop_advertising_works
          [nicolae_subvault_shop_adworks], gammafunk_ghost_abyssal_escape
D:4:      layout_basic, enter_ossuary_2, uniq_duvessa, uniq_sigmund, uniq_edmund

Skill      XL: |  1  2  3  4  5  6 |
---------------+-------------------+-----
Stealth        | 3 |  3.8
Spellcasting   | 3 4 |  4.0
Summonings     | 5 |  5.9
Fighting       | |  0.1
Dodging        | |  2.3
Unarmed Combat | |  0.7

Action                     |  1- 3 |  4- 6 || total
---------------------------+-------+-------++-------
  Melee: Unarmed           |    18 |    24 ||    42
         Constrict         |     6 |     6 ||    12
         Tentacles         |     5 |    10 ||    15
   Cast: Summon Small Mamm |    32 |    17 ||    49
         Call Canine Famil |     4 |     8 ||    12
         Call Imp          |     1 |     2 ||     3
    Use: Scroll            |       |     5 ||     5
         Potion            |       |     1 ||     1
   Stab: Sleeping          |       |     2 ||     2
 Armour: Skin              |     5 |    17 ||    22
  Dodge: Dodged            |    11 |    14 ||    25
